 Dungeon Crawl Stone Soup version 0.26.1-11-gd32895ea62 (webtiles) character file.

Game seed: 535408957406742877

99 Zeld the Changer (level 4, -1/29 HPs)
             Began as an Octopode Transmuter on May 26, 2021.
             Succumbed to a worker ant's poison
             ... on level 5 of the Dungeon.
             The game lasted 00:01:40 (2103 turns).

Zeld the Changer (Octopode Transmuter)              Turns: 2103, Time: 00:01:41

Health: -1/29      AC:  2    Str: 10    XL:     4   Next: 72%
Magic:  4/8        EV: 20    Int: 15    God:
Gold:   49         SH:  0    Dex: 17    Spells: 3/9 levels left

rFire    . . .     SeeInvis .     - Unarmed
rCold    . . .     Faith    .   (shield currently unavailable)
rNeg     . . .     Spirit   .   (helmet currently unavailable)
rPois    x         Reflect  .   (no amulet)
rElec    .         Harm     .   (no ring)
rCorr    .         Rampage  .   (no ring)
Will     .....                  (no ring)
Stlth    ++........             (no ring)
HPRegen  0.09/turn              (no ring)
MPRegen  0.11/turn              (no ring)
                                (no ring)
                                (no ring)

@: lethally poisoned (-1 -> -33), spider-form, attractive
A: tiny, almost no armour, stealthy swim, (amphibious), 8 rings, (constrict 8)
a: End Transformation


You were on level 5 of the Dungeon.
You were a venomous arachnid creature.
You visited 1 branch of the dungeon, and saw 5 of its levels.

You collected 49 gold pieces.

Inventory:

Jewellery
 b - an uncursed amulet of guardian spirit {unknown}
 e - a +4 ring of evasion {unknown}
Scrolls
 f - 3 scrolls of identify {unknown}
 g - 2 scrolls of fog {unknown}
 h - a scroll of teleportation {unknown}
Potions
 a - a potion of attraction
 c - a potion of magic {unknown}
 d - a potion of flight {unknown}
 i - a potion of mutation {unknown}


   Skills:
 + Level 1.8 Fighting
 + Level 2.5 Dodging
 - Level 3.0 Unarmed Combat
 * Level 3.0 Spellcasting
 * Level 3.1 Transmutations


You had 3 spell levels left.
You knew the following spells:

 Your Spells              Type           Power        Failure   Level
a - Beastly Appendage     Tmut           22%          16%         1
b - Wereblood             Tmut           11%          22%         2
c - Spider Form           Tmut/Pois      3%           52%         3

Your spell library contained the following spells:

 Spells                   Type           Power        Failure   Level
 Ice Form                 Ice/Tmut       7%           87%         4
 Blade Hands              Tmut           5%           94%         5


Dungeon Overview and Level Annotations

Branches:
Dungeon (5/15)
 Temple: D:4-7

Altars:
Vehumet
The Shining One

Annotations:
D:3 Jessica


Innate Abilities, Weirdness & Mutations

You cannot wear most types of armour.
You are very stealthy in the water. (Stealth+)
((You are amphibious.))
You can wear up to eight rings at the same time.
((You can use your tentacles to constrict eight enemies at once.))
((Your skin changes colour to match your surroundings (Stealth+).))
((Your rubbery body absorbs attacks. (AC +1, EV +1)))


Message History

The worker ant poisons you! The worker ant misses you.
The worker ant closely misses you.
You hit the worker ant but do no damage.
The worker ant is poisoned.
You feel sick. The worker ant closely misses you. The worker ant bites you.
You barely miss the worker ant.
The worker ant is lightly wounded.
You feel sick. The worker ant bites you. x2
You are more poisoned.
The worker ant poisons you!
You barely miss the worker ant.
The worker ant is lightly wounded.
* * * LOW HITPOINT WARNING * * *
You feel very sick. The worker ant barely misses you. The worker ant bites you.
* * * LOW HITPOINT WARNING * * *
Unknown command.
It was a potion of attraction.
You feel attractive to monsters.
You die...

.#.##
....
.≈≈ .≈#
!≈ ##.#
#
#.B#<≈+
#s..≈≈#
#B#≈≈##
#.. ##
###≈ ##


You could see 2 worker ants.

Vanquished Creatures
  An orc wizard (D:2)
  4 adders
  2 worms
  4 orcs
  2 goblins
  5 hobgoblins
  A kobold (D:2)
  5 bats
  3 frilled lizards
  2 quokka zombies (D:1)
  A rat (D:1)
30 creatures vanquished.

Notes
Turn   | Place    | Note
-------+----------+-------------------------------------------
     0 | D:1      | Zeld the Octopode Transmuter began the quest for the Orb.
     0 | D:1      | Reached XP level 1. HP: 13/13 MP: 3/3
   242 | D:1      | Reached XP level 2. HP: 16/18 MP: 3/5
   261 | D:1      | Learned a level 2 spell: Wereblood
   451 | D:2      | Found a glowing golden altar of the Shining One.
   688 | D:2      | Reached XP level 3. HP: 9/23 MP: 6/6
  1008 | D:2      | Learned a level 3 spell: Spider Form
  1262 | D:2      | Reached XP level 4. HP: 16/29 MP: 4/8
  1432 | D:2      | Found a radiant altar of Vehumet.
  1841 | D:3      | Noticed Jessica
  2098 | D:5      | Entered Level 5 of the Dungeon
  2102 | D:5      | HP: 1/29 [worker ant (5)]
  2103 | D:5      | Succumbed to a worker ant's poison

Illustrated notes

Levels and vault maps discovered:
D:1:      saegor_arrival_fortress, layout_rooms, lemuel_flame_loot_1
D:2:      layout_basic, lemuel_zombie_altar_yredelemnul, general_overflow_altar,
          lemuel_doored_altar
D:3:      layout_rooms, kennysheep_generic_room_7, uniq_jessica
D:4:      layout_rooms, kennysheep_slug_shrine, uniq_menkaure
D:5:      layout_basic, minmay_temple_entry_hall, serial_shops, shop,
          kennysheep_mini_moat, shop, minmay_manual_mullet

Skill      XL: |  1  2  3  4 |
---------------+-------------+-----
Transmutations | 3 |  3.1
Spellcasting   | 3 |  3.0
Fighting       | |  1.8
Dodging        | |  2.5
Unarmed Combat | |  3.0

Action                   |  1- 3 |  4- 6 || total
-------------------------+-------+-------++-------
Melee: Unarmed           |    54 |    24 ||    78
       Constrict         |     7 |       ||     7
       Kick              |     7 |       ||     7
       Tentacles         |     4 |       ||     4
       Punch             |     1 |       ||     1
 Cast: Beastly Appendage |    11 |       ||    11
       Spider Form       |     1 |     5 ||     6
  Use: Potion            |       |     1 ||     1
 Stab: Sleeping          |     1 |       ||     1
Armor: Skin              |     2 |     2 ||     4
Dodge: Dodged            |    48 |    22 ||    70
